 Dungeon Crawl Stone Soup version 0.31-a0-819-gf6de2f5ab6 (webtiles) character file.

Game seed: 13007880064607240585

1300 qw the Skirmisher (level 8, -6/51 HPs)
             Began as a Gargoyle Hunter on Sept 23, 2023.
             Was an Initiate of Okawaru.
             Mangled by a boulder beetle (15 damage)
             ... on level 7 of the Dungeon.
             The game lasted 00:01:54 (4368 turns).

qw the Skirmisher (Gargoyle Hunter)                 Turns: 4368, Time: 00:01:54

Health: -6/51      AC: 14    Str: 24    XL:     8   Next: 57%
Magic:  8/8        EV: 12    Int: 11    God:    Okawaru [......]
Gold:   1154       SH:  0    Dex: 15    Spells: 7/7 levels left

rFire   . . .        n - +0 orcbow (heavy)
rCold   + . .        (shield currently unavailable)
rNeg    + . .        d - +0 ring mail
rPois   inf          r - +0 helmet
rElec   +            l - +0 cloak
rCorr   .            (no gloves)
SInv    .            t - +0 pair of boots
Will    .....        b - amulet of the Mutiny {Faith Str+4}
Stlth   +            h - +6 ring of strength
HPRegen 0.28/turn    a - ring of protection from cold
MPRegen 0.11/turn

%: faith
@: no status effects
A: sickness immunity, AC +5, negative energy resistance 1, electricity
resistance, torment resistance 1, petrification resistance
a: Renounce Religion


You were on level 7 of the Dungeon.
You worshipped Okawaru.
Okawaru was noncommittal.
You visited 1 branch of the dungeon, and saw 7 of its levels.
You also visited: Sewer.

You collected 1154 gold pieces.


Innate Abilities, Weirdness & Mutations

You are immune to sickness and miasma.
Your stone body is resilient. (AC +5)
You are immune to poison.
You resist negative energy. (rN+)
You are resistant to electric shocks. (rElec)
You are resistant to unholy torment.
You are immune to petrification.


   Skills:
 - Level 5.9 Fighting
 - Level 9.0 Ranged Weapons
 + Level 2.2 Armour
 - Level 2.6 Dodging
 - Level 1.1 Stealth


You had 7 spell levels left.
You didn't know any spells.
Your spell library was empty.

Inventory:

Hand Weapons
 n - a +0 heavy orcbow (weapon)
Armour
 d - a +0 ring mail (worn)
 l - a +0 cloak (worn)
 r - a +0 helmet (worn)
 t - a +0 pair of boots (worn)
Jewellery
 a - a ring of protection from cold (right hand)
 b - the amulet of the Mutiny (around neck) {Faith Str+4}
   (You found it in a sewer)

   [amulet of faith]

   Faith:     It allows you to gain divine favour quickly.
   Str+4:     It affects your strength (+4).
 c - an amulet of the acrobat
 h - a +6 ring of strength (left hand)
Scrolls
 f - a scroll of identify
Potions
 g - a potion of haste
 j - a potion of curing
 k - a potion of might {unknown}
 m - a potion of mutation {unknown}

Dungeon Overview and Level Annotations

Branches:
Dungeon (7/15)              Sewer (visited)
 Temple: D:4-7

Altars:
Fedhas
Okawaru

Annotations:
D:5 3 runed translucent doors, qw's ghost, novice GrHu
D:7 Maggie


Message History

You shoot an arrow. The arrow hits Maggie!
Maggie is almost dead.
Maggie hits you with a +2 morningstar of flaming.
Maggie burns you.
You shoot an arrow.
The arrow hits Maggie but does no damage.
Maggie is almost dead.
Your surroundings suddenly seem different.
A boulder beetle comes into view.
You are no longer entranced.
You shoot an arrow.
The arrow hits the boulder beetle but does no damage.
The boulder beetle curls into a ball and begins rolling!
You shoot an arrow. The arrow hits the boulder beetle!
The boulder beetle is lightly wounded.
You shoot an arrow. The arrow hits the boulder beetle.
The boulder beetle is lightly wounded.
The boulder beetle misses you.
The boulder beetle stops rolling and uncurls.
The boulder beetle bites you.
You shoot an arrow.
The arrow hits the boulder beetle but does no damage.
The boulder beetle is lightly wounded.
The boulder beetle closely misses you.
The boulder beetle leaps!
You shoot an arrow. The arrow hits the boulder beetle!
The boulder beetle is moderately wounded.
You shoot an arrow. The arrow hits the boulder beetle!!
The boulder beetle is heavily wounded.
The boulder beetle bites you!
You shoot an arrow. The arrow hits the boulder beetle!
The boulder beetle is severely wounded.
The boulder beetle barely misses you. The boulder beetle closely misses you.
You shoot an arrow. The arrow hits the boulder beetle!
The boulder beetle is severely wounded.
The boulder beetle barely misses you.
You shoot an arrow.
The arrow hits the boulder beetle but does no damage.
The boulder beetle is severely wounded.
The boulder beetle bites you! x2
You die...

## .. .. .#
.# .#
#.######.#.#
#......@...#
###....B...#
#.####.### #
.# .# ...#
.# #..# ##
#.). #..# ##
#..# ..#


You could see a boulder beetle.

Vanquished Creatures
  Pargi (Sewer)
  An ice beast (D:5)
  An ogre (D:6)
  A centaur (D:5)
  A bullfrog (D:6)
  A gnoll sergeant (D:6)
  2 howler monkeys
  2 jellies
  3 hounds
  An orc priest (D:4)
  Jessica (D:2)
  5 iguanas
  6 orc wizards
  6 adders
  7 gnolls
  4 ufetubi
  2 dart slugs
  24 orcs
  4 endoplasms
  11 giant cockroaches
  6 goblins
  9 hobgoblins
  3 jackals (Sewer)
  9 quokkas
  2 ball pythons
  6 bats
  A frilled lizard (D:1)
  6 kobolds
  4 rats
130 creatures vanquished.

Vanquished Creatures (others)
  An orc wizard (D:4)
1 creature vanquished.

Grand Total: 131 creatures vanquished

Notes
Turn   | Place    | Note
-------+----------+-------------------------------------------
     0 | D:1      | qw the Gargoyle Hunter began the quest for the Orb.
     0 | D:1      | Reached XP level 1. HP: 12/12 MP: 1/1
     0 | D:1      | 0 ||| qw: Version: 0.3-a-83-gcd0e7d8
     0 | D:1      | 0 ||| qw: Game counter: 1541
     0 | D:1      | 0 ||| qw: Melee chars always use a shield: true
     0 | D:1      | 0 ||| qw: God list: Okawaru
     0 | D:1      | 0 ||| qw: Allow faded altars: false
     0 | D:1      | 0 ||| qw: Do Orc after clearing Dungeon:15 true
     0 | D:1      | 0 ||| qw: Do second Lair branch before Depths: true
     0 | D:1      | 0 ||| qw: Lair rune preference: random
     0 | D:1      | 0 ||| qw: Goals: Normal
     0 | D:1      | 0 ||| PLANNING D:1-11
   136 | D:1      | Reached XP level 2. HP: 17/17 MP: 2/2
   509 | D:1      | 509 ||| UPGRADING to +0 ring mail.
   519 | D:1      | 519 ||| DROPPING +0 leather armour.
   520 | D:1      | 520 ||| UPGRADING to +6 ring of strength.
   521 | D:1      | 521 ||| READING scroll labelled UDULENWUCS.
   522 | D:1      | 522 ||| READING 2 scrolls labelled ZOPRIUSSEPNIS.
   523 | D:1      | 523 ||| READING scroll labelled MUIRPH DIUSOXKA.
   524 | D:1      | 524 ||| READING scroll labelled NENUDGH GORRE.
   524 | D:1      | Identified a scroll of acquirement
   524 | D:1      | 524 ||| ACQUIRING 892 gold pieces
   524 | D:1      | Acquired 892 gold pieces
   526 | D:1      | 526 ||| DROPPING scroll of butterflies.
   554 | D:2      | Reached skill level 1 in Armour
   554 | D:2      | Reached XP level 3. HP: 18/21 MP: 3/3
   554 | D:2      | 554 ||| STAIRDANCE
   613 | D:2      | 613 ||| FLEEEEING.
   614 | D:2      | 614 ||| FLEEEEING.
   615 | D:2      | 615 ||| FLEEEEING.
   616 | D:2      | 616 ||| FLEEEEING.
   617 | D:2      | 617 ||| FLEEEEING.
   618 | D:2      | 618 ||| FLEEEEING.
   619 | D:2      | 619 ||| FLEEEEING.
   620 | D:2      | 620 ||| FLEEEEING.
   621 | D:2      | 621 ||| FLEEEEING.
   622 | D:2      | 622 ||| FLEEEEING.
   694 | D:2      | 694 ||| FLEEEEING.
   695 | D:2      | 695 ||| FLEEEEING.
   696 | D:2      | 696 ||| FLEEEEING.
   698 | D:2      | 698 ||| STAIRDANCE
   715 | D:1      | 715 ||| DRINKING 2 ruby potions.
   716 | D:1      | 716 ||| READING 3 scrolls of identify.
   716 | D:1      | 716 ||| IDENTIFYING green potion
   720 | D:2      | Reached skill level 5 in Ranged Weapons
   720 | D:2      | 720 ||| STAIRDANCE
   764 | D:2      | Noticed Jessica
   768 | D:2      | Killed Jessica
   769 | D:2      | Reached skill level 3 in Fighting
   769 | D:2      | Reached XP level 4. HP: 28/28 MP: 4/4
   990 | D:2      | Found a faded altar of an unknown god.
  1149 | D:2      | 1149 ||| UPGRADING to ring of protection from cold.
  1150 | D:2      | 1150 ||| READING scroll labelled ETAULO DUPREDO.
  1151 | D:2      | 1151 ||| READING 2 scrolls labelled XASSYA BEOSAE.
  1154 | D:2      | 1154 ||| READING 2 scrolls of identify.
  1154 | D:2      | 1154 ||| IDENTIFYING inky potion
  1155 | D:2      | 1155 ||| DROPPING potion of brilliance.
  1324 | D:3      | Identified the +3 sling "Jugh" {flame, Drain Str+4 Dex+4}
  1326 | D:3      | 1326 ||| SWAPPING to +3 sling "Jugh" {flame, Drain Str+4
                  | Dex+4}.
  1327 | D:3      | 1327 ||| DROPPING +0 shortbow of draining.
  1952 | D:3      | 1952 ||| UPGRADING to +0 cloak.
  1957 | D:3      | 1957 ||| UPGRADING to amulet of the acrobat.
  1962 | D:3      | 1962 ||| READING scroll labelled VAVIC NUESUIXE.
  1963 | D:3      | 1963 ||| DRINKING 2 glowing silvery potions.
  1964 | D:3      | 1964 ||| DRINKING 2 murky cyan potions.
  2009 | D:3      | 2009 ||| DROPPING potion of invisibility.
  2010 | D:3      | 2010 ||| DROPPING potion of lignification.
  2065 | D:4      | Reached XP level 5. HP: 32/32 MP: 5/5
  2067 | D:4      | 2067 ||| FLEEEEING.
  2068 | D:4      | 2068 ||| DRINKING potion of curing.
  2068 | D:4      | 2068 ||| (to cure confusion)
  2078 | D:4      | 2078 ||| FLEEEEING.
  2085 | D:4      | Reached skill level 6 in Ranged Weapons
  2092 | D:4      | HP: 4/32 [orc priest/divine providence (11)]
  2093 | D:4      | 2093 ||| READING scroll of teleportation.
  2265 | D:4      | Reached XP level 6. HP: 38/38 MP: 6/6
  2288 | D:4      | Found a blossoming altar of Fedhas.
  2392 | D:4      | You fall into a shaft and drop 1 floor!
  2392 | D:5      | Entered Level 5 of the Dungeon
  2393 | D:5      | 2393 ||| PLANNING SEWER
  2408 | D:5      | Found a runed translucent gate.
  2408 | D:5      | Found a runed translucent gate.
  2408 | D:5      | Found a runed translucent gate.
  2493 | D:5      | Noticed an ice beast
  2510 | D:5      | Noticed an ice beast
  2516 | D:5      | Killed an ice beast
  2517 | D:5      | Reached skill level 7 in Ranged Weapons
  2517 | D:5      | Reached XP level 7. HP: 43/43 MP: 7/7
  2622 | D:5      | 2622 ||| SWAPPING to +0 orcbow.
  2623 | D:5      | 2623 ||| DROPPING +3 sling "Jugh" {flame, Drain Str+4
                  | Dex+4}.
  2624 | D:5      | 2624 ||| READING scroll of brand weapon.
  2624 | D:5      | 2624 ||| BRANDING +0 orcbow.
  2663 | D:5      | Noticed qw's ghost (novice GrHu)
  2728 | D:5      | 2728 ||| Stepping ~*~*~tactically~*~*~ (water).
  2733 | D:5      | Found a glowing drain.
  2754 | D:5      | 2754 ||| Stepping ~*~*~tactically~*~*~ (water).
  2764 | Sewer    | Entered a sewer
  2769 | Sewer    | 2769 ||| Stepping ~*~*~tactically~*~*~ (water).
  2821 | Sewer    | Noticed Pargi
  2826 | Sewer    | Killed Pargi
  2892 | Sewer    | Identified the amulet of the Mutiny {Faith Str+4}
  2894 | Sewer    | Identified the +0 battleaxe "Quiwo" {protect, *Noise rElec
                  | Str+2 Int+3}
  2911 | Sewer    | 2911 ||| UPGRADING to amulet of the Mutiny {Faith Str+4}.
  2921 | Sewer    | 2921 ||| READING scroll labelled HEFFON QENIW.
  2939 | D:5      | 2939 ||| PLANNING D:1-11
  3021 | D:4      | Reached skill level 8 in Ranged Weapons
  3265 | D:4      | 3265 ||| READING scroll labelled PYS DATROHY.
  3266 | D:4      | 3266 ||| READING 2 scrolls of identify.
  3266 | D:4      | 3266 ||| IDENTIFYING sapphire potion
  3349 | D:5      | HP: 9/44 [something/puff of flame (7)]
  3354 | D:5      | HP: 7/44 [something (1)]
  3355 | D:5      | Reached XP level 8. HP: 8/49 MP: 8/8
  3746 | D:6      | Found an iron altar of Okawaru.
  3747 | D:6      | 3747 ||| PLANNING OKAWARU WORSHIP
  3786 | D:6      | Became a worshipper of Warmaster Okawaru
  3787 | D:6      | 3787 ||| PLANNING D:1-11
  3824 | D:6      | 3824 ||| RETREEAATING.
  3987 | D:6      | Reached skill level 9 in Ranged Weapons
  4099 | D:6      | 4099 ||| RETREEAATING.
  4100 | D:6      | 4100 ||| Stepping ~*~*~tactically~*~*~ (retreating).
  4101 | D:6      | 4101 ||| Stepping ~*~*~tactically~*~*~ (retreating).
  4102 | D:6      | 4102 ||| Stepping ~*~*~tactically~*~*~ (retreating).
  4103 | D:6      | 4103 ||| Stepping ~*~*~tactically~*~*~ (retreating).
  4105 | D:6      | 4105 ||| Stepping ~*~*~tactically~*~*~ (retreating).
  4274 | D:6      | 4274 ||| UPGRADING to +0 helmet.
  4279 | D:6      | 4279 ||| UPGRADING to +0 pair of boots.
  4284 | D:6      | 4284 ||| READING scroll labelled GEFAUN HA NIA.
  4320 | D:6      | 4320 ||| READING scroll labelled ONIUPI GUEBB.
  4321 | D:6      | 4321 ||| READING scroll labelled YWUH CUFUNAPNU.
  4322 | D:6      | 4322 ||| READING 2 scrolls of identify.
  4322 | D:6      | 4322 ||| IDENTIFYING brown potion
  4323 | D:6      | 4323 ||| DROPPING potion of berserk rage.
  4343 | D:7      | Noticed Maggie
  4355 | D:7      | HP: 10/51 [Maggie/+2 morningstar of flaming (3)]
  4356 | D:7      | 4356 ||| READING scroll of teleportation.
  4357 | D:7      | 4357 ||| DRINKING potion of heal wounds.
  4359 | D:7      | Noticed a boulder beetle
  4368 | D:7      | HP: 9/51 [boulder beetle (13)]
  4368 | D:7      | Mangled by a boulder beetle

Levels and vault maps discovered:
D:1:      beargit_arrival_greenhouse, layout_basic
D:2:      layout_basic, serial_glass, glass_columns_a, glass_columns_a,
          dreamdust_ecumenical_altar_angels_and_demons, uniq_jessica
D:3:      layout_loops_corners
D:4:      layout_basic, lemuel_tele_altar
D:5:      layout_basic, gup_sewer_entry_pipe, gammafunk_ghost_icy
D:6:      layout_rooms, okawaru_trees_2, nicolae_zen_rock_garden
D:7:      layout_loops_ring, old_standard_altar, minmay_temple_entry_statues,
          st_stairs_7, uniq_maggie

Skill      XL: |  1  2  3  4  5  6  7  8 |
---------------+-------------------------+-----
Armour         | 1 2 |  2.2
Ranged Weapons | 5 6 7 8 9 |  9.0
Fighting       | 3 4 5 |  5.9
Dodging        | 2 |  2.6
Stealth        | |  1.1

Action                     |  1- 3 |  4- 6 |  7- 9 || total
---------------------------+-------+-------+-------++-------
   Fire: Shortbow          |    83 |    21 |       ||   104
         Sling             |       |   106 |    14 ||   120
         Orcbow            |       |       |   161 ||   161
    Use: Scroll            |     5 |     5 |     9 ||    19
         Potion            |     1 |     3 |     1 ||     5
 Armour: Leather armour    |     7 |       |       ||     7
         Ring mail         |    19 |    15 |   126 ||   160
  Dodge: Dodged            |    22 |    16 |    95 ||   133

Table legend:
 A = Non-vault XP
 B = Vault XP
 C = Vault XP percentage of total XP
 D = Non-vault monster count
 E = Vault monster count
 F = Vault count percentage of total count
                 A         B        C        D         E       F
            +---------+---------+-------+---------+---------+-------
      Total |    1665 |     193 |  10.4 |     118 |      13 |   9.9
            +---------+---------+-------+---------+---------+-------
        D:1 |      28 |       0 |   0.0 |      16 |       0 |   0.0
        D:2 |      54 |      37 |  40.7 |      15 |       1 |   6.2
        D:3 |      25 |       0 |   0.0 |      13 |       0 |   0.0
        D:4 |     418 |       0 |   0.0 |      33 |       0 |   0.0
        D:5 |     522 |      16 |   3.0 |      15 |       8 |  34.8
        D:6 |     618 |       0 |   0.0 |      26 |       0 |   0.0
      Sewer |       0 |     140 | 100.0 |       0 |       4 | 100.0
            +---------+---------+-------+---------+---------+-------
